 Dungeon Crawl Stone Soup version 0.31-a0-161-gb58dd9be76 (webtiles) character file.

Game seed: 8602174694852654322

46 rabbitsville the Shield-Bearer (level 3, -3/28 HPs)
             Began as a Gnoll Wanderer on June 12, 2023.
             Slain by an orc
             ... wielding a +0 dagger
              (4 damage)
             ... on level 4 of the Dungeon.
             The game lasted 00:09:09 (1796 turns).

rabbitsville the Shield-Bearer (Gnoll Wanderer)     Turns: 1796, Time: 00:09:09

Health: -3/28      AC:  7    Str: 14    XL:     3   Next: 66%
Magic:  4/4        EV: 10    Int:  9    God:
Gold:   113        SH:  8    Dex: 12    Spells: 4/4 levels left

rFire   . . .        a - +0 short sword
rCold   . . .        b - +3 buckler
rNeg    . . .        n - +0 scale mail
rPois   .            (no helmet)
rElec   .            (no cloak)
rCorr   .            c - +0 pair of gloves
SInv    .            (no boots)
Will    .....        (no amulet) Stlth
                     r - ring of flight
HPRegen 0.24/turn    (no ring)
MPRegen 0.09/turn

%: no passive effects
@: attractive, flying
A: fangs 1, strong nose, distributed training
a: no special abilities


You were on level 4 of the Dungeon.
You visited 1 branch of the dungeon, and saw 4 of its levels.

You collected 113 gold pieces.

Inventory:

Hand Weapons
 a - a +0 short sword (weapon)
Missiles
 s - 5 poisoned darts (quivered)
Armour
 b - a +3 buckler (worn)
 c - a +0 pair of gloves (worn)
 e - a +0 leather armour
 n - a +0 scale mail (worn)
Jewellery
 m - an amulet of guardian spirit
 r - a ring of flight (left hand)
Wands
 q - a wand of light (5)
Scrolls
 d - a scroll of fog
 k - 4 scrolls of teleportation
 t - a scroll of enchant armour
Potions
 f - a potion of attraction
 g - 4 potions of cancellation
 i - 2 potions of haste {unknown}
 j - a potion of brilliance
 l - a potion of lignification {unknown}
 o - 2 potions of mutation {unknown}
 p - a potion of berserk rage {unknown}


   Skills:
 + Level 2.6 Fighting
 + Level 4.6 Short Blades
 + Level 1.0 Long Blades
 + Level 1.0 Axes
 + Level 1.0 Maces & Flails
 + Level 1.0 Polearms
 + Level 1.0 Staves
 + Level 1.0 Ranged Weapons
 + Level 2.6 Throwing
 + Level 1.0 Armour
 + Level 4.6 Dodging
 + Level 1.0 Stealth
 + Level 6.5 Shields
 + Level 1.0 Unarmed Combat
 + Level 1.0 Spellcasting
 + Level 0.7 Conjurations
 + Level 0.7 Hexes
 + Level 0.7 Summonings
 + Level 0.7 Necromancy
 + Level 0.7 Translocations
 + Level 0.7 Transmutations
 + Level 0.7 Fire Magic
 + Level 0.7 Ice Magic
 + Level 0.7 Air Magic
 + Level 0.7 Earth Magic
 + Level 0.7 Poison Magic
 + Level 1.0 Invocations
 + Level 2.6 Evocations


You had 4 spell levels left.
You didn't know any spells.
Your spell library was empty.

Dungeon Overview and Level Annotations

Branches:
Dungeon (4/15)
 Temple: D:4-7

Altars:

Annotations:
D:3 Sigmund
D:4 Natasha


Innate Abilities, Weirdness & Mutations

You have very sharp teeth.
Your uncanny sense of smell can sniff out nearby items.
Your experience applies equally to all skills.


Message History

You see here a bat corpse.
The orc hits you with a +0 morningstar.
* * * LOW HITPOINT WARNING * * *
A phantom comes into view.
You see here 11 gold pieces.
Your surroundings suddenly seem different.
A quokka, an orc priest and 3 orcs come into view.
Found a leather armour and a scroll labelled JORIEQEEMN.
The orc shouts! x2
As you read the scroll of fog, it crumbles to dust.
The scroll dissolves into smoke.
The orc hits you but does no damage. You block the orc's attack.
The orc priest closely misses you. The orc attacks as you move away!
The orc hits you with a +0 mace.
* * * LOW HITPOINT WARNING * * *
As you read the scroll labelled MIJA BUEFROCWA, it crumbles to dust.
It is a scroll of enchant armour.
Your +2 buckler glows green for a moment.
You block the quokka's attack. You block the orc's attack.
The orc priest closely misses you. The orc closely misses you.
The quokka bites you but does no damage.
As you read the scroll labelled XEISKYCSAG, it crumbles to dust.
You feel a surge of unholy energy.
The orc priest convulses!
The quokka convulses!
The orc convulses! x3; It was a scroll of torment.
You block the orc's attack. The orc barely misses you.
The quokka bites you but does no damage.
As you read the scroll labelled HOFOMNU ROEMAI, it crumbles to dust.
It is a scroll of amnesia.
You feel forgetful for a moment. You block the orc's attack.
The orc hits you but does no damage.
The quokka bites you but does no damage.
As you read the scroll labelled IGICUT XOHAGOEP, it crumbles to dust.
The creatures around you are filled with an inner flame!
It was a scroll of immolation.
The orc hits you but does no damage.
The quokka bites you but does no damage.
It was a potion of attraction.
You feel attractive to monsters. The quokka bites you.
* * * LOW HITPOINT WARNING * * *
The orc hits you with a +0 dagger.
You die...

######
##..........#∆
............#
............#
............#
....§§§§§...#
#...§§§o§§§.#
....§r@o§...#
#..§§oo§§..#
#..§.§§§§§..#
#?.....§§...#
...###.....###
## #......
........
..........
............


You could see an orc priest (inner flame), 3 orcs and a quokka (inner flame).

Vanquished Creatures
  An adder (D:2)
  3 worms (D:2)
  An endoplasm (D:2)
  3 giant cockroaches
  A goblin (D:1)
  5 hobgoblins
  4 kobolds
  A ball python (D:2)
  4 bats
  5 rats (D:2)
28 creatures vanquished.

Notes
Turn   | Place    | Note
-------+----------+-------------------------------------------
     0 | D:1      | rabbitsville the Gnoll Wanderer began the quest for the
                  | Orb.
     0 | D:1      | rabbitsville set off with the following items: a +0 short
                  | sword, a +2 buckler, a +0 pair of gloves, a scroll of fog,
                  | a +0 leather armour.
     0 | D:1      | Reached XP level 1. HP: 17/17 MP: 1/1
   255 | D:1      | Reached XP level 2. HP: 23/23 MP: 2/2
  1161 | D:2      | Reached XP level 3. HP: 26/28 MP: 3/3
  1230 | D:2      | Reached skill level 1 in Invocations
  1735 | D:3      | Noticed Sigmund
  1780 | D:4      | Reached skill level 1 in Long Blades
  1780 | D:4      | Reached skill level 1 in Axes
  1780 | D:4      | Reached skill level 1 in Maces & Flails
  1780 | D:4      | Reached skill level 1 in Polearms
  1780 | D:4      | Reached skill level 1 in Staves
  1780 | D:4      | Reached skill level 1 in Ranged Weapons
  1780 | D:4      | Reached skill level 1 in Armour
  1780 | D:4      | Reached skill level 1 in Stealth
  1780 | D:4      | Reached skill level 1 in Unarmed Combat
  1780 | D:4      | Reached skill level 1 in Spellcasting
  1784 | D:4      | Noticed Natasha
  1788 | D:4      | Noticed a phantom
  1796 | D:4      | HP: 1/28 [quokka (2)]
  1796 | D:4      | Slain by an orc

Illustrated notes

Levels and vault maps discovered:
D:1:      psy_arrival_spokes, layout_basic
D:2:      layout_loops_ring, corexii_leaking_fountain
D:3:      layout_rooms, hangedman_decor_clover_reticule, uniq_terence,
          uniq_sigmund
D:4:      layout_basic, uniq_ijyb, uniq_edmund, uniq_natasha

Skill      XL: |  1  2  3 |
---------------+----------+-----
Invocations    | 1 |  1.0
Long Blades    | 1 |  1.0
Axes           | 1 |  1.0
Maces & Flails | 1 |  1.0
Polearms       | 1 |  1.0
Staves         | 1 |  1.0
Ranged Weapons | 1 |  1.0
Armour         | 1 |  1.0
Stealth        | 1 |  1.0
Unarmed Combat | 1 |  1.0
Spellcasting   | 1 |  1.0
Fighting       | |  2.6
Short Blades   | |  4.6
Throwing       | |  2.6
Dodging        | |  4.6
Shields        | |  6.5
Conjurations   | |  0.7
Hexes          | |  0.7
Summonings     | |  0.7
Necromancy     | |  0.7
Translocations | |  0.7
Transmutations | |  0.7
Fire Magic     | |  0.7
Ice Magic      | |  0.7
Air Magic      | |  0.7
Earth Magic    | |  0.7
Poison Magic   | |  0.7
Evocations     | |  2.6

Action                     || total
---------------------------++-------
  Melee: Short sword       ||   156
         Bite              ||    15
  Throw: Dart              ||    15
    Use: Potion            ||     2
         Scroll            ||     6
 Armour: Leather armour    ||     7
         Scale mail        ||    41
  Dodge: Dodged            ||    57
  Block: Buckler           ||    53

Table legend: (Time is in decaauts)
 A = Elapsed time spent in this place.
 B = Non-inter-level travel time spent in this place.
 C = Inter-level travel time spent in this place.
 D = Time resting spent in this place.
 E = Time spent auto-exploring this place.
 F = Levels seen in this place.
 G = Mean time per level.
                   A        B        C        D        E       F      G
               +--------+--------+--------+--------+--------+-----+--------+
         Total |   1763 |   1671 |     92 |      0 |   1079 |   4 |  440.8 |
       Dungeon |   1763 |   1671 |     92 |      0 |   1079 |   4 |  440.8 |
               +--------+--------+--------+--------+--------+-----+--------+

Top non-repeatable levels by time:
     D:2: 907 daAuts
     D:1: 732 daAuts
     D:3: 93 daAuts
     D:4: 30 daAuts
